 Dungeon Crawl Stone Soup version 0.29.1-12-g30fa7ad0bf (webtiles) character file.

Game seed: 6529911852026129722

19 KittyFluff the Trooper (level 2, -1/28 HPs)
             Began as a Gargoyle Berserker on Jan 14, 2023.
             Was a Follower of Trog.
             Slain by a gnoll
             ... wielding a +0 whip of electrocution
              (7 damage)
             ... on level 1 of the Dungeon.
             The game lasted 00:03:08 (1362 turns).

KittyFluff the Trooper (Gargoyle Berserker)         Turns: 1362, Time: 00:03:09

Health: -1/28      AC:  5    Str: 20    XL:     2   Next: 75%
Magic:  2/2        EV: 12    Int:  7    God:    Trog [*.....]
Gold:   7          SH:  0    Dex:  9    Spells: 1/1 levels left

rFire   . . .      SeeInvis +   a - +0 mace
rCold   . . .      Faith    .   (no shield)
rNeg    + . .      Spirit   .   b - +0 animal skin
rPois   ∞          Reflect  .   (no helmet)
rElec   +          Harm     .   (no cloak)
rCorr   .          Rampage  .   (no gloves)
Will    .....                   (no boots)
Stlth   ..........              (no amulet)
HPRegen 0.09/turn               e - ring of see invisible
MPRegen 0.08/turn               (no ring)

@: berserking, very quick
A: sickness immunity, AC +2, negative energy resistance 1, electricity
resistance, torment resistance 1, petrification resistance
a: Renounce Religion, Berserk


You were on level 1 of the Dungeon.
You worshipped Trog.
Trog was aware of your devotion.
You visited 1 branch of the dungeon, and saw 1 of its levels.

You collected 7 gold pieces.

Inventory:

Hand Weapons
 a - a +0 mace (weapon)
Missiles
 g - 4 stones (quivered)
Armour
 b - a +0 animal skin (worn)
 j - a +0 ring mail
Jewellery
 e - a ring of see invisible (left hand)
Scrolls
 c - a scroll of noise {unknown}
 f - a scroll of acquirement {unknown}
Potions
 d - a potion of curing {unknown}
 h - a potion of heal wounds {unknown}
 i - a potion of flight {unknown}


   Skills:
 + Level 3.5 Fighting
 + Level 3.2 Maces & Flails
 * Level 2.8 Armour
 + Level 1.8 Dodging


You had one spell level left.
You didn't know any spells.
Your spell library was empty.

Dungeon Overview and Level Annotations

Branches:
Dungeon (1/15)

Altars:


Innate Abilities, Weirdness & Mutations

You are immune to sickness and miasma.
Your stone body is resilient. (AC +2)
You are immune to poison.
You resist negative energy. (rN+)
You are resistant to electric shocks. (rElec)
You are resistant to unholy torment.
You are immune to petrification.


Message History

You sock the kobold!
You kill the kobold!
Trog accepts your kill.
Things that are here:
a +0 club; a kobold corpse You start resting.
HP restored.
Found a stone staircase leading down.
A gnoll comes into view.
It is wielding a +0 whip of electrocution.
The gnoll shouts!
Throw: 7 stones
Press: ? - help, Q - select action Shift-Dir - straight line, f - gnoll
Aim: a gnoll, wielding a +0 whip of electrocution (58% to hit)
You throw a stone. The stone closely misses the gnoll.
Throw: 6 stones
Press: ? - help, Q - select action Shift-Dir - straight line, f/p - gnoll
Aim: a gnoll, wielding a +0 whip of electrocution (58% to hit)
You throw a stone.
The stone hits the gnoll but does no damage.
Throw: 5 stones
Press: ? - help, Q - select action Shift-Dir - straight line, f/p - gnoll
Aim: a gnoll, wielding a +0 whip of electrocution (58% to hit)
You throw a stone. The stone closely misses the gnoll.
Unknown command.
You closely miss the gnoll. The gnoll misses you.
You barely miss the gnoll.
The gnoll hits you with a +0 whip of electrocution.
You closely miss the gnoll.
The gnoll hits you with a +0 whip of electrocution. x2
You barely miss the gnoll.
The gnoll hits you with a +0 whip of electrocution.
* * * LOW HITPOINT WARNING * * *
A red film seems to cover your vision as you go berserk!
You feel yourself moving faster!
You feel mighty!
The gnoll hits you with a +0 whip of electrocution.
* * * LOW HITPOINT WARNING * * *
You sock the gnoll!
The gnoll is heavily wounded.
The gnoll hits you with a +0 whip of electrocution!
You die...

.#.#.#####################.#
#.# .#.#.# #.. #.# #......#
#.# .#.#.#... # #.# #.######
#.# .#.#.#.# ####.##.# #.#
#.# .#.#... ........# #.#
#.# .#.#.### #.#
#.########.# ...)...# #.##.#
#..........# ...#.#.# #.##g#
############ ##.#.#.# #.##@#
...#.#.# #.##.# ####.#.#
#.##.# #.#.######.##.#
#.#.>......##.#
#.............#
#.#.########### #####


You could see a gnoll.

Vanquished Creatures
  3 ball pythons (D:1)
  2 bats (D:1)
  A giant cockroach (D:1)
  3 hobgoblins (D:1)
  A quokka (D:1)
  4 kobolds (D:1)
  4 rats (D:1)
18 creatures vanquished.

Notes
Turn   | Place    | Note
-------+----------+-------------------------------------------
     0 | D:1      | KittyFluff the Gargoyle Berserker began the quest for the
                  | Orb.
     0 | D:1      | Reached XP level 1. HP: 14/14 MP: 1/1
   468 | D:1      | Reached XP level 2. HP: 5/19 MP: 2/2
  1362 | D:1      | Slain by a gnoll

Illustrated notes

Levels and vault maps discovered:
D:1:      tarquinn_simple_flora_water_d, layout_basic

Action                   || total
-------------------------++-------
Melee: Mace              ||    63
       Punch             ||     1
Throw: Stone             ||     3
Invok: Berserk           ||     1
Armor: Animal skin       ||    41
Dodge: Dodged            ||    57
